Map: Odyssey LE

Players

Zanster

  • Race: Zerg Zerg
  • Spawn Location: 11:00

Has - Winner!

  • Race: Protoss Protoss
  • Spawn Location: 5:00

Event: WCS Montreal 2017

VOD

Have the link to the VOD?

Description

Time

  • Played on: Sept. 8, 2017, 7:08 p.m.
  • Length: 13:39

All games in this series

Show
View Real Time Build Order
Export as new Build Order

Zanster Zerg 

Build Orders: Hatch First 

Get SALT Encoding   

  12  0:00  Drone  
  13  0:12  Overlord  
  13  0:17  Drone  
  14  0:30  Drone x2  
  14  0:34  Drone  
  17  0:51  Hatchery  
  17  0:54  Drone  
  17  0:57  Drone  
  18  1:08  Extractor  
  17  1:14  Spawning Pool  
  17  1:16  Drone  
  17  1:20  Drone  
  18  1:28  Drone  
  19  1:40  Drone  
  20  1:49  Overlord  
  20  2:07  Queen  
  24  2:08  Zergling x2  
  24  2:12  Metabolic Boost  
  24  2:14  Zergling x2  
  24  2:15  Hatchery  
  24  2:16  Evolution Chamber  
  23  2:23  Zergling x2  
  24  2:35  Hatchery  
  23  2:42  Zergling x2  
  24  2:47  Queen  
  24  2:50  Drone  
  27  3:05  Overlord  
  27  3:13  Drone  
  27  3:14  Zerg Melee Weapons Level 1  
  27  3:19  Drone x2  
  30  3:24  Drone  
  30  3:25  Drone  
  32  3:28  Queen  
  34  3:37  Drone  
  34  3:38  Drone  
  34  3:39  Drone  
  37  3:47  Drone  
  38  3:54  Overlord  
  38  3:55  Drone x2  
  39  3:59  Drone  
  39  4:01  Drone  
  40  4:04  Drone  
  41  4:10  Drone x2  
  41  4:14  Spore Crawler  
  42  4:19  Spore Crawler  
  42  4:22  Spore Crawler, Drone  
  42  4:23  Drone  
  41  4:25  Drone  
  41  4:28  Drone x2  
  44  4:31  Drone  
  44  4:33  Drone  
  44  4:34  Drone  
  44  4:35  Drone  
  44  4:38  Drone  
  48  4:42  Drone  
  48  4:43  Drone x2  
  51  4:49  Overlord  
  53  4:52  Drone  
  53  4:57  Drone  
  53  4:58  Drone x2  
  57  5:03  Overlord  
  57  5:14  Drone x2  
  57  5:15  Zerg Ground Armor Level 1  
  57  5:17  Extractor, Drone x8  
  57  5:18  Drone  
  57  5:21  Extractor x2  
  64  5:24  Overlord  
  64  5:25  Overlord  
  64  5:27  Drone  
  64  5:30  Lair  
  64  5:37  Zergling x2  
  64  5:38  Zergling x10  
  70  5:45  Queen  
  70  5:46  Queen  
  70  5:48  Zergling x4  
  76  5:50  Overlord  
  76  5:52  Zergling x2  
  76  5:53  Zergling x4  
  76  5:54  Zergling x2  
  80  5:58  Zergling x2  
  80  6:00  Overlord  
  81  6:08  Overlord  
  81  6:16  Drone x8  
  81  6:18  Drone  
  87  6:22  Drone  
  87  6:24  Drone x2  
  85  6:28  Queen x3  
  85  6:32  Infestation Pit  
  89  6:34  Zergling x10  
  89  6:36  Overlord  
  89  6:39  Drone  
  93  6:40  Drone  
  93  6:41  Drone  
  93  6:42  Drone  
  93  6:43  Drone  
  93  6:44  Drone  
  95  6:50  Drone  
  95  6:51  Drone  
  95  6:52  Drone  
  98  7:03  Drone x2  
  98  7:04  Drone  
  101  7:09  Hatchery  
  101  7:14  Overlord  
  100  7:16  Extractor  
  100  7:17  Extractor  
  100  7:18  Zergling x2  
  100  7:19  Zergling x10  
  100  7:20  Spire, Overseer  
  100  7:22  Zergling x6  
  106  7:25  Overlord  
  106  7:26  Hatchery  
  106  7:29  Overlord  
  105  7:33  Spore Crawler  
  104  7:37  Spore Crawler x2, Drone x3  
  104  7:38  Spore Crawler  
  104  7:43  Overlord  
  98  8:00  Queen  
  98  8:01  Queen x2  
  92  8:14  Spore Crawler x2  
  66  8:32  Zerg Flyer Armor Level 1, Mutalisk x10  
  81  8:40  Mutalisk  
  82  8:41  Mutalisk  
  82  8:47  Mutalisk x3  
  90  8:56  Drone  
  90  8:57  Drone x3  
  94  9:04  Drone x5  
  99  9:10  Pathogen Glands  
  99  9:20  Mutalisk x3  
  103  9:29  Mutalisk  
  103  9:31  Drone x5  
  100  9:48  Drone  
  100  9:49  Drone x6  
  101  10:02  Corruptor x2  
  93  10:11  Spore Crawler  
  93  10:12  Extractor, Drone  
  93  10:13  Spore Crawler, Extractor, Drone x9  
  97  10:15  Spore Crawler  
  97  10:17  Corruptor  
  96  10:23  Corruptor  
  98  10:29  Overlord  
  98  10:30  Hatchery  
  98  10:33  Corruptor  
  99  10:43  Corruptor  
  99  10:49  Spore Crawler  
  99  10:50  Spore Crawler  
  99  10:51  Drone  
  99  10:52  Spore Crawler x2, Extractor, Drone x4  
  99  10:56  Hatchery  
  99  10:57  Drone x4  
  100  11:02  Drone x3  
  110  11:05  Drone x7  
  112  11:14  Corruptor  
  112  11:17  Overlord x2  
  112  11:27  Burrow  
  112  11:32  Overlord  
  112  11:33  Overlord  
  112  11:35  Drone x3  
  112  11:38  Infestor  
  112  11:39  Infestor x2  
  121  11:46  Infestor  
  121  11:47  Infestor  
  124  12:03  Zergling x20  
  132  12:23  Infestor x3  
  138  12:30  Hatchery  
  138  12:35  Hatchery  
  138  12:36  Overlord  
  136  12:48  Overlord  
  135  12:56  Corruptor x7  
  145  12:58  Overlord  
  145  13:04  Overlord  
Show
View Real Time Build Order
Export as new Build Order

Has Protoss - Winner!

Build Orders: Cannon Rush 

Get SALT Encoding   

  12  0:00  Probe (Chrono Boost)  
  13  0:11  Probe (Chrono Boost)  
  14  0:17  Pylon  
  14  0:22  Probe (Chrono Boost)  
  15  0:36  Probe (Chrono Boost)  
  15  0:40  Gateway  
  16  0:46  Probe (Chrono Boost)  
  16  0:47  Assimilator  
  18  0:57  Probe (Chrono Boost)  
  18  1:05  Forge  
  18  1:07  Probe (Chrono Boost)  
  19  1:18  Probe (Chrono Boost)  
  20  1:28  Probe (Chrono Boost)  
  21  1:36  Pylon  
  21  1:39  Probe (Chrono Boost)  
  22  1:49  Probe (Chrono Boost)  
  23  1:55  Photon Cannon  
  23  1:59  Photon Cannon x2  
  23  2:00  Probe (Chrono Boost)  
  24  2:09  Photon Cannon  
  24  2:11  Probe (Chrono Boost)  
  25  2:22  Probe (Chrono Boost)  
  26  2:28  Cybernetics Core  
  26  2:30  Pylon  
  26  2:32  Probe (Chrono Boost)  
  26  2:35  Assimilator  
  27  2:49  Nexus  
  27  2:56  Probe (Chrono Boost)  
  28  3:09  Adept (Chrono Boost)  
  30  3:16  Photon Cannon  
  30  3:17  Stargate  
  30  3:23  Pylon  
  29  3:27  Probe  
  29  3:33  Adept (Chrono Boost)  
  32  3:39  Probe  
  33  3:51  Probe  
  33  4:01  Oracle (Chrono Boost)  
  33  4:02  Probe  
  36  4:03  Probe  
  38  4:12  Probe  
  38  4:15  Probe  
  40  4:23  Probe  
  40  4:27  Probe  
  42  4:33  Probe, Oracle (Chrono Boost)  
  42  4:35  Pylon  
  46  4:39  Probe  
  46  4:44  Probe  
  47  4:51  Nexus  
  47  4:52  Probe  
  49  4:54  Probe  
  49  4:59  Pylon  
  50  5:04  Probe  
  50  5:05  Probe  
  55  5:08  Phoenix (Chrono Boost)  
  54  5:15  Pylon  
  54  5:16  Probe  
  54  5:17  Mothership Core  
  57  5:22  Assimilator x2  
  57  5:26  Stargate  
  57  5:27  Stargate  
  57  5:28  Probe  
  58  5:31  Photon Cannon  
  58  5:37  Probe  
  58  5:40  Probe  
  60  5:47  Probe  
  61  5:52  Probe  
  61  5:55  Oracle (Chrono Boost)  
  65  5:58  Probe  
  65  6:02  Adept  
  65  6:03  Probe  
  68  6:04  Probe  
  68  6:08  Probe  
  71  6:14  Probe  
  71  6:16  Probe  
  73  6:19  Oracle x2 (Chrono Boost)  
  73  6:20  Probe  
  73  6:23  Assimilator  
  73  6:24  Assimilator, Pylon  
  80  6:27  Probe  
  80  6:28  Probe  
  82  6:33  Probe  
  82  6:39  Probe, Oracle (Chrono Boost)  
  87  6:43  Probe  
  87  6:46  Probe  
  87  6:51  Probe, Oracle (Chrono Boost)  
  87  6:53  Photon Cannon  
  87  6:54  Photon Cannon  
  89  6:55  Pylon  
  89  6:56  Probe  
  89  6:58  Probe, Oracle (Chrono Boost)  
  94  7:02  Pylon  
  94  7:06  Pylon  
  94  7:15  Stargate  
  94  7:20  Probe x2  
  94  7:21  Oracle (Chrono Boost)  
  99  7:22  Nexus  
  99  7:25  Pylon  
  99  7:26  Pylon  
  99  7:28  Oracle (Chrono Boost)  
  101  7:33  Probe x2  
  101  7:34  Pylon  
  101  7:35  Probe  
  107  7:37  Oracle (Chrono Boost)  
  107  7:42  Pylon  
  107  7:44  Pylon  
  107  7:52  Oracle (Chrono Boost)  
  104  7:59  Oracle (Chrono Boost)  
  107  8:09  Oracle (Chrono Boost)  
  107  8:14  Probe x3  
  107  8:15  Oracle (Chrono Boost)  
  107  8:17  Pylon  
  113  8:23  Oracle (Chrono Boost)  
  112  8:37  Oracle (Chrono Boost)  
  112  8:39  Photon Cannon  
  112  8:40  Photon Cannon x2  
  115  8:42  Probe x4  
  115  8:45  Photon Cannon  
  115  8:47  Photon Cannon  
  115  8:48  Photon Cannon, Oracle (Chrono Boost)  
  122  8:53  Assimilator  
  122  8:54  Probe x2, Photon Cannon  
  127  8:57  Assimilator  
  130  9:03  Probe  
  130  9:04  Probe  
  130  9:06  Probe  
  130  9:08  Pylon  
  130  9:09  Probe  
  137  9:21  Phoenix x3 (Chrono Boost)  
  135  9:25  Phoenix (Chrono Boost)  
  124  9:32  Stargate  
  124  9:34  Stargate  
  117  9:40  Probe  
  117  9:41  Probe x3  
  117  9:43  Phoenix (Chrono Boost)  
  116  9:50  Probe  
  116  9:53  Probe x3  
  117  10:00  Phoenix x2 (Chrono Boost)  
  117  10:01  Probe  
  117  10:05  Probe x3  
  117  10:06  Phoenix (Chrono Boost)  
  127  10:11  Probe  
  128  10:17  Probe x3  
  131  10:22  Probe  
  131  10:27  Void Ray (Chrono Boost)  
  132  10:29  Probe x3  
  132  10:32  Probe  
  140  10:41  Probe x3  
  143  10:43  Probe, Void Ray (Chrono Boost)  
  143  10:47  Void Ray (Chrono Boost)  
  152  10:50  Protoss Air Weapons Level 1 (Chrono Boost)  
  152  10:55  Void Ray  
  156  11:01  Void Ray  
  160  11:22  Void Ray  
  160  11:23  Void Ray  
  168  11:28  Pylon  
  168  11:29  Void Ray  
  168  11:31  Void Ray, Pylon x2  
  172  11:34  Pylon  
  176  11:44  Void Ray x2  
  184  11:55  Nexus  
  184  11:57  Pylon  
  184  12:05  Void Ray  
  184  12:06  Void Ray x2  
  195  12:18  Void Ray  
  199  12:23  Photon Cannon  
  199  12:26  Photon Cannon  
  199  12:28  Photon Cannon  
  199  12:30  Photon Cannon  
  199  12:33  Assimilator  
  199  12:38  Assimilator  
  199  12:39  Fleet Beacon  
Tags
 
Add a new tag
Caveats
  • Supply blocks, unpowered buildings, or Contaminate may cause inaccurate times.
  • Supply counts are checked every 10 seconds.